 Dungeon Crawl Stone Soup version 0.18-a0-1273-g8ec5f8e (webtiles) character file.

119 M4edhros the Sneak (level 5, 0/33 HPs)
             Began as an Octopode Artificer on Feb 8, 2016.
             Slain by a bat (1 damage)
             ... on level 3 of the Dungeon.
             The game lasted 00:02:04 (2305 turns).

M4edhros the Sneak (Octopode Artificer)             Turns: 2305, Time: 00:02:04

Health: 0/33       AC:  1    Str: 11    XL:     5   Next: 3%
Magic:  8/8        EV: 13    Int: 15    God:
Gold:   115        SH:  0    Dex: 12    Spells: 0 memorised, 4 levels left

rFire  . . .     SeeInvis .     e - +1 short sword (venom)
rCold  . . .     Gourm    .     (no shield)
rNeg   . . .     Faith    .     (helmet restricted)
rPois  .         Spirit   .     (no amulet)
rElec  .         Dismiss  .     (no ring)
rCorr  .         Reflect  .     (no ring)
SustAt .         Harm     .     (no ring)
MR     .....                    (no ring)
Stlth  ++++......               (no ring)
                                (no ring)
                                (no ring)
                                (no ring)

@: lethally poisoned (0 -> -5), very slightly contaminated, hasted, invisible
(expiring), very quick, not resistant to hostile enchantments, stealthy
A: almost no armour, amphibious, 8 rings, constrict 8, camouflage 1, gelatinous
body 1
a: no special abilities


You were on level 3 of the Dungeon.
You were hungry.

You visited 1 branch of the dungeon, and saw 3 of its levels.

You collected 115 gold pieces.

Inventory:

Hand Weapons
 a - a +0 short sword
 e - a +1 short sword of venom (weapon)
Wands
 b - a wand of flame (15/48)
 c - a wand of enslavement (15/24)
 d - a wand of random effects (15/48)
 m - a wand of digging (1/24)
Scrolls
 g - a scroll of amnesia {unknown}
 j - 2 scrolls of identify {unknown}
 k - 2 scrolls of fog {unknown}
 n - 3 scrolls of remove curse {unknown}
 o - a scroll of immolation {unknown}
 p - 2 scrolls of teleportation {unknown}
 q - a scroll of recharging {unknown}
Comestibles
 f - 4 bread rations
 h - 3 meat rations


   Skills:
 - Level 1.0 Fighting
 - Level 1.0 Short Blades
 * Level 3.4 Dodging
 * Level 4.3 Stealth
 + Level 4.0 Evocations


You had 4 spell levels left.
You didn't know any spells.

Dungeon Overview and Level Annotations

Branches:
Dungeon (3/15)

Altars:
Cheibriados
Gozag
Okawaru
Pakellas
Qazlal
Ru
The Shining One


Innate Abilities, Weirdness & Mutations

You cannot wear most types of armour.
You are amphibious.
You can wear up to eight rings at the same time.
You can use your tentacles to constrict eight enemies at once.
Your skin changes colour to match your surroundings (Stealth).
Your rubbery body absorbs attacks (AC +1).


Message History

You feel sick. The bat barely misses you. The bat hits you but does no damage.
The bat barely misses you.
* * * LOW HITPOINT WARNING * * *
You feel sick. The bat closely misses you.
You are feeling hungry.
The bat hits you but does no damage.
Found a fizzy green potion and a golden potion.
Found a stone staircase leading down.
You barely miss the bat. You grab the bat. You constrict the bat.
* * * LOW HITPOINT WARNING * * *
You feel sick. The bat misses you.
The bat struggles to escape constriction.
You hit the bat.
You kill the bat!
* * * LOW HITPOINT WARNING * * *
You feel sick. The bat misses you. The bat closely misses you.
You miss the bat. Your grab misses the bat.
You flicker for a moment.
The bat hits you.
You die...

.......# .....#.#
......### . .......#
#>###.....##
...........### ##.#
.!...........###....
.......@...........
.!....b##....##....
....... ##......#
........ #......#
.........#....### ##
.............>.## #.
.......###......#######.
.###...###...........(..
#....$.)...(.....


You could see a bat.

Vanquished Creatures
  Natasha (D:2)
  2 adders (D:2)
  3 worms (D:2)
  4 giant geckos
  An orc (D:3)
  6 bats
  4 giant cockroaches
  5 hobgoblins
  A quokka (D:2)
  3 giant newts
  5 goblins
  22 kobolds
  4 rats
61 creatures vanquished.

Notes
Turn   | Place    | Note
--------------------------------------------------------------
     0 | D:1      | M4edhros the Octopode Artificer began the quest for the Orb.
     0 | D:1      | Reached XP level 1. HP: 13/13 MP: 3/3
   318 | D:1      | Reached XP level 2. HP: 18/18 MP: 4/4
   738 | D:2      | Reached XP level 3. HP: 8/23 MP: 5/5
  1485 | D:2      | Found an oddly glowing altar of Pakellas.
  1541 | D:2      | Reached XP level 4. HP: 20/28 MP: 6/6
  1552 | D:2      | Found a stormy altar of Qazlal.
  1553 | D:2      | Found an opulent altar of Gozag.
  1554 | D:2      | Found a snail-covered altar of Cheibriados.
  1554 | D:2      | Found a glowing golden altar of the Shining One.
  1554 | D:2      | Found a sacrificial altar of Ru.
  1554 | D:2      | Found an iron altar of Okawaru.
  1877 | D:2      | Noticed Natasha
  1881 | D:2      | Killed Natasha
  1881 | D:2      | Reached skill level 4 in Stealth
  2278 | D:3      | Reached XP level 5. HP: 20/33 MP: 8/8
  2302 | D:3      | HP: 1/33 [poisoned by a kobold]
  2305 | D:3      | Slain by a bat

Vault maps used:
D:1:      matt_arrival_refuge, kennysheep_another_room
D:2:      johnstein_pakellas_dig, grunt_temple_overflow_open, st_stairs_13,
          minmay_goblin_kobold_house, uniq_natasha
D:3:      gammafunk_temple_overflow_statue, first_bread

Action                   |  1- 3 |  4- 6 || total
-------------------------+-------+-------++-------
Melee: Short sword       |    73 |    46 ||   119
  Use: Potion            |       |     4 ||     4
 Stab: Sleeping          |    10 |     8 ||    18
  Eat: Chunk             |     2 |     2 ||     4
